 Dungeon Crawl Stone Soup version 0.25-a0-464-g3004169 (webtiles) character file.

Game seed: 16738723741350280115, levelgen mode: deterministic

145 silenth the Slasher (level 5, -9/42 HPs)
             Began as a Vampire Fighter on Feb 4, 2020.
             Mangled by an ogre
             ... wielding a +0 giant spiked club
              (14 damage)
             ... on level 3 of the Dungeon.
             The game lasted 00:03:13 (1338 turns).

silenth the Slasher (Vampire Fighter)               Turns: 1338, Time: 00:03:13

Health: -9/42      AC:  8    Str: 21    XL:     5   Next: 6%
Magic:  5/5        EV:  7    Int: 10    God:
Gold:   117        SH:  9    Dex: 14    Spells: 4/4 levels left

rFire    . . .     SeeInvis +   a - +1 long sword
rCold    . . .     Gourm    .   c - +0 shield
rNeg     . . .     Faith    .   b - +0 scale mail
rPois    .         Spirit   .   (no helmet)
rElec    .         Reflect  .   (no cloak)
rCorr    .         Harm     .   l - +1 pair of gloves
MR       .....                  (no boots)
Stlth    ..........             (no amulet)
HPRegen  0.34/turn              (no ring)
MPRegen  0.09/turn              (no ring)

@: mighty, regenerating quickly
A: no food, fangs 3, see invisible, unbreathing
a: Exsanguinate


You were on level 3 of the Dungeon.
You were alive.

You visited 1 branch of the dungeon, and saw 3 of its levels.

You collected 117 gold pieces.

Inventory:

Hand Weapons
 a - a +1 long sword (weapon)
Missiles
 j - a throwing net (quivered)
Armour
 b - a +0 scale mail (worn)
 c - a +0 shield (worn)
 l - a +1 pair of gloves (worn)
Wands
 f - a wand of polymorph (4)
 h - a wand of iceblast (11)
Scrolls
 e - a scroll of enchant weapon
 n - a scroll of teleportation
 r - a scroll of remove curse
Potions
 g - a potion of haste
 i - a potion of curing {unknown}
 k - a potion of cancellation {unknown}


   Skills:
 + Level 3.6 Fighting
 * Level 4.5 Long Blades
 - Level 2.4 Armour
 - Level 2.6 Shields


You had 4 spell levels left.
You didn't know any spells.
Your spell library contained the following spells:

 Spells                   Type           Power        Failure   Level  Hunger
 Confusing Touch          Hex            #.......     100%        3    N/A
 Gell's Gravitas          Tloc           #.........   100%        3    N/A
 Petrify                  Tmut/Erth      #.......     100%        4    N/A
 Metabolic Englaciation   Hex/Ice        #.........   100%        5    N/A
 Yara's Violent Unravell  Hex/Tmut       #.........   100%        5    N/A

Dungeon Overview and Level Annotations

Branches:
Dungeon (3/15)

Altars:
Fedhas
Kikubaaqudgha


Innate Abilities, Weirdness & Mutations

You do not eat.
Your natural rate of healing is unusually fast.
You have razor-sharp teeth.
You have supernaturally acute eyesight. (SInv)
You can survive without breathing.


Message History

The ogre is lightly wounded.
The ogre hits you with a +0 giant spiked club!!
Ouch! That really hurt!
You hit the ogre.
The ogre is moderately wounded.
The ogre hits you with a +0 giant spiked club.
You slash the ogre!
The ogre is heavily wounded.
You block the ogre's attack.
You hit the ogre.
The ogre is severely wounded.
The ogre hits you with a +0 giant spiked club!
* * * LOW HITPOINT WARNING * * *
Okay, then.
You feel very mighty all of a sudden. You block the ogre's attack.
You barely miss the ogre.
The ogre is severely wounded.
The ogre hits you with a +0 giant spiked club!
You die...

#.# #.. #.# #.# #.# #.# #.#
#.# #.# ****# #.# #.#
*,,.###***** #.# #.#
*,.....,,..* #.#
####.######...#****#.* #†#
#.......O@...#* #.* #.#
#.########.### #.* #.. #.#
**#### #.###.. #.#
###.%.#***######......
###.###()...#,,,..........#.
#....)..#%..#****#####..##.#
#.#.#####*###* #..#### #.#.#
*,*,*,**** *#...... #,#.#
*,*,*,,,,* #...####


You could see an ogre.

Vanquished Creatures
  Natasha (D:3)
  4 adders
  3 worms
  A dart slug (D:2)
  A leopard gecko (D:3)
  An orc (D:3)
  A ball python (D:1)
  5 bats
  3 giant cockroaches
  21 goblins
  4 hobgoblins
  7 jackals
  5 frilled lizards
  7 kobolds
  8 rats
72 creatures vanquished.

Notes
Turn   | Place    | Note
-------+----------+-------------------------------------------
     0 | D:1      | silenth the Vampire Fighter began the quest for the Orb.
     0 | D:1      | Reached XP level 1. HP: 17/17 MP: 1/1
   111 | D:1      | Reached XP level 2. HP: 22/23 MP: 2/2
   186 | D:1      | Reached skill level 3 in Fighting
   470 | D:2      | Reached skill level 3 in Long Blades
   500 | D:2      | Reached XP level 3. HP: 16/29 MP: 3/3
   698 | D:2      | Found a blossoming altar of Fedhas.
  1058 | D:3      | Reached XP level 4. HP: 31/35 MP: 4/4
  1085 | D:3      | Found an ancient bone altar of Kikubaaqudgha.
  1095 | D:3      | Reached skill level 4 in Long Blades
  1119 | D:3      | Noticed Natasha
  1130 | D:3      | Killed Natasha
  1302 | D:3      | Noticed an ogre
  1303 | D:3      | Reached XP level 5. HP: 34/42 MP: 5/5
  1324 | D:3      | HP: 1/42 [ogre/+0 giant spiked club (17)]
  1338 | D:3      | Mangled by an ogre

Levels and vault maps discovered:
D:1:      lemuel_arrival_behind_the_door_small, layout_rooms
D:2:      layout_rooms, old_standard_altar
D:3:      layout_loops_ring, lemuel_zombie_altar_yredelemnul,
          kiku_gazebo_pond_becter, first_ration, minmay_ogre_servants,
          uniq_natasha

Skill      XL: |  1  2  3  4 |
---------------+-------------+-----
Fighting       | 3 |  3.6
Long Blades    | 3 4 |  4.5
Armour         | |  2.4
Shields        | |  2.6

Action                   |  1- 3 |  4- 6 || total
-------------------------+-------+-------++-------
Melee: Long sword        |    78 |    62 ||   140
       Bite              |    11 |     8 ||    19
       Short sword       |    84 |       ||    84
  Use: Scroll            |     6 |     3 ||     9
       Potion            |       |     1 ||     1
Armor: Scale mail        |   116 |    22 ||   138
Dodge: Dodged            |    62 |    20 ||    82
Block: Shield            |   120 |    30 ||   150
       Rpst.: Long sword |     5 |     5 ||    10

Table legend:
 A = Non-vault XP
 B = Vault XP
 C = Vault XP percentage of total XP
 D = Non-vault monster count
 E = Vault monster count
 F = Vault count percentage of total count
                 A         B        C        D         E       F
            +---------+---------+-------+---------+---------+-------
      Total |     160 |      48 |  23.1 |      63 |       9 |  12.5
            +---------+---------+-------+---------+---------+-------
        D:1 |      36 |       0 |   0.0 |      21 |       0 |   0.0
        D:2 |      52 |       0 |   0.0 |      22 |       0 |   0.0
        D:3 |      72 |      48 |  40.0 |      20 |       9 |  31.0
            +---------+---------+-------+---------+---------+-------
